 Dungeon Crawl Stone Soup version 0.30-a0-210-g01b79a254e (webtiles) character file.

Game seed: 12348676671263178910

16 gzilladon the Grave Robber (level 2, -1/13 HPs)
             Began as a Vine Stalker Necromancer on Oct 4, 2022.
             Slain by a jackal (2 damage)
             ... on level 1 of the Dungeon.
             The game lasted 00:03:31 (537 turns).

gzilladon the Grave Robber (VSNe)                    Turns: 537, Time: 00:03:33

Health: -1/13      AC:  2    Str: 10    XL:     2   Next: 54%
Magic:  0/6        EV: 12    Int: 15    God:
Gold:   2          SH:  0    Dex: 14    Spells: 4/5 levels left

rFire   . . .      SeeInvis .    c - +0 hand axe
rCold   . . .      Faith    .    (no shield)
rNeg    . . .      Spirit   +    a - +0 robe
rPois   .          Reflect  .    (no helmet)
rElec   .          Harm     .    (no cloak)
rCorr   .          Rampage  .    (no gloves)
Will    .....                    (no boots)
Stlth   ++........               (no amulet)
HPRegen 0.22/turn                (no ring)
MPRegen 0.10/turn                (no ring)

@: no status effects
A: fangs 2, magic shield, antimagic bite, no potion heal 2
a: no special abilities


You were on level 1 of the Dungeon.
You visited 1 branch of the dungeon, and saw 1 of its levels.

You collected 2 gold pieces.

Inventory:

Hand Weapons
 c - a +0 hand axe (weapon)
Missiles
 d - a stone
Armour
 a - a +0 robe (worn)
Potions
 b - a potion of magic
 e - a potion of curing {unknown}


   Skills:
 + Level 1.6 Dodging
 + Level 2.5 Stealth
 + Level 0.8 Unarmed Combat
 * Level 2.2 Spellcasting
 * Level 4.4 Necromancy


You had 4 spell levels left.
You knew the following spells:

 Your Spells              Type           Power      Damage    Failure   Level
a - Necrotise             Necr           56%        1d6       3%          1

Your spell library contained the following spells:

 Spells                   Type           Power      Damage    Failure   Level
 Vampiric Draining        Necr           14%        2d7       11%         3
 Animate Dead             Necr           14%        N/A       34%         4
 Agony                    Necr           14%        N/A       69%         5


Dungeon Overview and Level Annotations

Branches:
Dungeon (1/15)

Altars:


Innate Abilities, Weirdness & Mutations

You have extremely sharp teeth.
When hurt, damage is shared between your health and your magic reserves.
Your bite disrupts and absorbs the magic of your enemies.
Potions cannot restore your health.


Message History

You closely miss the jackal. You barely miss the jackal. The jackal bites you.
The jackal barely misses you. The jackal completely misses you.
The jackal closely misses you.
You hit the jackal. Your bite misses the jackal.
The jackal is moderately wounded.
You barely miss the jackal. x2; The jackal misses you.
The jackal bites you. x4
The jackal closely misses you.
You closely miss the jackal.
The jackal is lightly wounded.
You barely miss the jackal. You closely miss the jackal.
The jackal barely misses you. The jackal closely misses you. x3
The jackal barely misses you. The jackal bites you.
You completely miss the jackal. You bite the jackal, but do no damage.
The jackal is lightly wounded.
You closely miss the jackal. You miss the jackal. The jackal bites you.
The jackal bites you but does no damage.
The jackal bites you.
* * * LOW HITPOINT WARNING * * *
The jackal bites you but does no damage.
The jackal bites you.
* * * LOW HITPOINT WARNING * * *
The jackal barely misses you.
You hit the jackal. Your bite misses the jackal.
The jackal is severely wounded.
You hit the jackal but do no damage. x2; The jackal bites you.
The jackal barely misses you. The jackal closely misses you.
The jackal bites you but does no damage.
The jackal closely misses you. The jackal misses you.
You hit the jackal.
You kill the jackal!
You hit the jackal. You barely miss the jackal.
The jackal bites you but does no damage. x2
You closely miss the jackal.
The jackal is severely wounded.
You closely miss the jackal. The jackal bites you.
* * * LOW HITPOINT WARNING * * *
The jackal completely misses you. The jackal bites you.
* * * LOW HITPOINT WARNING * * *
The jackal bites you.
You die...

## $..### ....# #
#..# #.#.# .#
#..####.#.##.####
#........hh......
#..# #.#@†....#
#..####.#.#...##
#.........# .##
#####.......### #
#........#### #
#.###.##.# #. #.#
#.##.# .# #.#
#.##.# ## .
#.###..#.##
##.###


You could see 2 jackals.

Vanquished Creatures
  A dart slug (D:1)
  2 bats (D:1)
  3 endoplasms (D:1)
  A hobgoblin (D:1)
  2 jackals (D:1)
  A ball python (D:1)
  2 goblins (D:1)
12 creatures vanquished.

Notes
Turn   | Place    | Note
-------+----------+-------------------------------------------
     0 | D:1      | gzilladon the Vine Stalker Necromancer began the quest for
                  | the Orb.
     0 | D:1      | Reached XP level 1. HP: 9/9 MP: 4/4
   198 | D:1      | Reached XP level 2. HP: 13/13 MP: 6/6
   537 | D:1      | Slain by a jackal

Illustrated notes

Levels and vault maps discovered:
D:1:      dpeg_arrival_ratfight, layout_loops_corners

Action                   || total
-------------------------++-------
Melee: Unarmed           ||    17
       Bite              ||    13
       Hand axe          ||    28
       Punch             ||     1
 Cast: Necrotise         ||     6
 Stab: Sleeping          ||     1
Armor: Robe              ||    14
Dodge: Dodged            ||    48

Table legend: (Time is in decaauts)
 A = Elapsed time spent in this place.
 B = Non-inter-level travel time spent in this place.
 C = Inter-level travel time spent in this place.
 D = Time resting spent in this place.
 E = Time spent auto-exploring this place.
 F = Levels seen in this place.
 G = Mean time per level.
                   A        B        C        D        E       F      G
               +--------+--------+--------+--------+--------+-----+--------+
         Total |    544 |    494 |     50 |     52 |      0 |   1 |  544.0 |
       Dungeon |    544 |    494 |     50 |     52 |      0 |   1 |  544.0 |
               +--------+--------+--------+--------+--------+-----+--------+

Top non-repeatable levels by time:
     D:1: 544 daAuts
